 Dungeon Crawl Stone Soup version 0.21-a0-125-gb006224 (webtiles) character file.

119 namelastname112 the Conjurer (level 4, -2/33 HPs)
             Began as a Draconian Conjurer on July 15, 2017.
             Killed from afar by an orc wizard (12 damage)
             ... with a puff of frost
             ... on level 3 of the Dungeon.
             The game lasted 00:03:55 (2430 turns).

namelastname112 the Conjurer (Draconian Conjurer)   Turns: 2430, Time: 00:03:55

Health: -2/33      AC:  5    Str: 11    XL:     4   Next: 73%
Magic:  1/9        EV: 12    Int: 16    God:
Gold:   186        SH:  0    Dex: 11    Spells: 7/10 levels left

rFire    . . .     SeeInvis .   e - +0 dagger
rCold    . . .     Gourm    .   (no shield)
rNeg     . . .     Faith    .   (armour unavailable)
rPois    .         Spirit   .   (helmet restricted)
rElec    .         Reflect  .   (no cloak)
rCorr    .         Harm     .   (no gloves)
MR       .....                  (no boots)
Stlth    ++........             p - amulet of regeneration
HPRegen  0.51/turn              (no ring)
MPRegen  0.11/turn              (no ring)

@: no status effects
A: unfitting armour, cold-blooded, AC +5
a: no special abilities


You were on level 3 of the Dungeon.
You were not hungry.

You visited 1 branch of the dungeon, and saw 3 of its levels.

You collected 186 gold pieces.

Inventory:

Hand Weapons
 e - a +0 dagger (weapon)
Jewellery
 p - an amulet of regeneration (around neck)
 r - an uncursed ring of fire
Wands
 s - a wand of acid (5/15)
Scrolls
 d - 3 scrolls of identify {unknown}
 h - a scroll of remove curse {unknown}
 k - a scroll of immolation {unknown}
 o - a scroll of amnesia {unknown}
Potions
 c - a potion of brilliance {unknown}
 f - 2 potions of lignification {unknown}
 g - a potion of might {unknown}
 i - 2 potions of cancellation {unknown}
 l - a potion of degeneration {unknown}
 m - a potion of agility {unknown}
 n - a potion of curing {unknown}
Books
 a - a book of Conjurations

   Spells                             Type                      Level
   a - Magic Dart                     Conjuration                  1
   b - Searing Ray                    Conjuration                  2
   c - Dazzling Spray                 Conjuration/Hexes            3
   d - Fulminant Prism                Conjuration/Hexes            4
   e - Force Lance                    Conjuration/Translocation    4
   f - Iskenderun's Mystic Blast      Conjuration                  4
 t - a book of Cantrips

   Spells                             Type                      Level
   a - Confusing Touch                Hexes                        1
   b - Animate Skeleton               Necromancy                   1
   c - Summon Small Mammal            Summoning                    1
   d - Apportation                    Translocation                1
Comestibles
 b - a bread ration
 j - a royal jelly


   Skills:
 - Level 1.7 Dodging
 - Level 1.7 Stealth
 + Level 3.6 Spellcasting
 + Level 5.0 Conjurations


You had 7 spell levels left.
You knew the following spells:

 Your Spells              Type           Power        Failure   Level  Hunger
x - Searing Ray           Conj           ###...       3%          2    ##.....
z - Magic Dart            Conj           ###.         2%          1    None


Dungeon Overview and Level Annotations

Branches:
Dungeon (3/15)

Altars:
Dithmenos

Annotations:
D:3 namelastname112's ghost, amateur DrCj


Innate Abilities, Weirdness & Mutations

Your plain brown scales are hard. (AC +5)
You cannot fit into any form of body armour.
You are cold-blooded and may be slowed by cold attacks.


Message History

You hit the orc wizard.
The orc wizard is almost dead.
The orc wizard miscasts a cantrip.
The orc wizard gestures wildly while chanting.
The orc wizard flickers and vanishes!
Deactivating autopickup; reactivate with Ctrl-A.
You barely miss something. Something hits you but does no damage.
You miss something.
Something hits you but does no damage. x2
You hit something but do no damage. Something hits you.
You take 2 damage, and have 13/33 hp.
You closely miss something.
Something hits you but does no damage. x2
You barely miss something. Something hits you but does no damage.
You miss something.
You hear some strange, mumbled words.
A magic dart appears from out of thin air!
The magic dart hits you!
You hear some strange, mumbled words.
A puff of frost appears from out of thin air!
The puff of frost hits you!
You die...

#.# #.# .# #.# .#
.## #.. ### #.# ...
#.########
#.###........#
#...#######.# .
##.## #.#
....#####.# #.#
.....o{@..# #.#
#.##.###.#### #.#
#!...# #.# ##.##.#
#.# ..##.# #.#
)....######.#####
##..###.#...........
#... #.............
#...###...####.#####


You could see an orc.

Vanquished Creatures
  Jessica (D:2)
  2 adders
  2 worms
  A dart slug (D:1)
  9 orcs
  4 bats
  5 giant cockroaches
  7 goblins
  6 hobgoblins (D:1)
  4 jackals
  4 kobolds
  A quokka (D:2)
  3 frilled lizards
  2 rats (D:2)
51 creatures vanquished.

Notes
Turn   | Place    | Note
-------+----------+-------------------------------------------
     0 | D:1      | namelastname112 the Draconian Conjurer began the quest for the Orb.
     0 | D:1      | Reached XP level 1. HP: 14/14 MP: 3/3
   118 | D:1      | Reached XP level 2. HP: 18/20 MP: 0/5
   205 | D:1      | Learned a level 2 spell: Searing Ray
  1050 | D:2      | Reached XP level 3. HP: 26/26 MP: 2/7
  1108 | D:2      | Found a shadowy altar of Dithmenos.
  1588 | D:3      | Noticed Jessica
  1744 | D:2      | Killed Jessica
  1744 | D:2      | Reached XP level 4. HP: 18/33 MP: 1/9
  1878 | D:3      | Reached skill level 5 in Conjurations
  2207 | D:3      | Noticed namelastname112's ghost (amateur DrCj)
  2430 | D:3      | Killed from afar by an orc wizard

Vault maps used:
D:1:      dpeg_arrival_snail
D:2:      nicolae_dithmenos_shadow_blocks
D:3:      kennysheep_boxes, uniq_jessica, uniq_sigmund

Skill      XL: |  1  2  3  4 |
---------------+-------------+-----
Spellcasting   | 3 |  3.6
Conjurations   | 5 |  5.0
Dodging        | |  1.7
Stealth        | |  1.7

Action                   |  1- 3 |  4- 6 || total
-------------------------+-------+-------++-------
Melee: Unarmed           |     7 |       ||     7
       Tailslap          |     4 |     1 ||     5
       Dagger            |    27 |    22 ||    49
 Cast: Magic Dart        |    81 |    35 ||   116
       Searing Ray       |       |     2 ||     2
  Eat: Chunk             |     2 |     3 ||     5
Armor: Skin              |    12 |    15 ||    27
Dodge: Dodged            |    32 |    27 ||    59
